 Dungeon Crawl Stone Soup version 0.30-a0-967-g9b59a09336 (webtiles) character file.

Game seed: 5045268836375374063

123878 00011011 the Basher (level 15, 0/132 HPs)
             Began as a Demigod Fighter on Mar 31, 2023.
             Slain by an ettin simulacrum (4 damage)
             ... in an ice cave.
             The game lasted 01:02:05 (23877 turns).

00011011 the Basher (Demigod Fighter)              Turns: 23877, Time: 01:02:08

Health: 0/132      AC: 21    Str: 52    XL:     15   Next: 91%
Magic:  16/27      EV: 25    Int: 10    God:
Gold:   1567       SH: 12    Dex: 14    Spells: 14/14 levels left

rFire   . . .      SeeInvis .    u - +6 flail of the Maze {flame, Fly Str+7 Dex-4}
rCold   + . .      Faith    .    R - +0 kite shield
rNeg    + . .      Spirit   .    L - +6 scale mail of the Three Visions {rC- Str+2 Dex+5}
rPois   .          Reflect  .    s - +2 hat {Stlth+}
rElec   +          Rampage  .    Y - +0 cloak "Lyiss" {rC+ rN+ MP+9 Stlth+}
rCorr   .                        B - +0 pair of gloves {infuse}
Will    ++...                    c - +0 pair of boots of the Louse {+Blink rElec Str+6}
Stlth   ++                       A - amulet of Suczoak {Will+ Regen+}
HPRegen 2.02/turn                H - +5 ring of evasion
MPRegen 0.20/turn                U - +5 ring of evasion

@: mighty, flying, studying Dodging
A: high MP 1, forlorn, divine attributes, cold resistance 1, regeneration 1,
subdued magic 1
a: Evoke Blink


You were in an ice cave.
You visited 4 branches of the dungeon, and saw 23 of its levels.
You also visited: Ice Cave.

You collected 2779 gold pieces.
You spent 1212 gold pieces at shops.

Inventory:

Hand Weapons
 u - the +6 flail of the Maze (weapon) {flame, Fly Str+7 Dex-4}
   (You found it on level 2 of the Dungeon)

   Str:       It affects your strength (+7).
   Dex:       It affects your dexterity (-4).
   Fly:       It grants you flight.
Armour
 c - the +0 pair of boots of the Louse (worn) {+Blink rElec Str+6}
   (You found it on level 7 of the Dungeon)

   Str:       It affects your strength (+6).
   rElec:     It insulates you from electricity.
   +Blink:    It lets you blink.
 g - the +1 pair of gloves of Instinct {rPois rF++ rN+}
   (You found it in an ice cave)

   rF:        It greatly protects you from fire.
   rPois:     It protects you from poison.
   rN:        It protects you from negative energy.
 s - a +2 hat of stealth (worn)
 y - a +2 chain mail of willpower
 B - a +0 pair of gloves of infusion (worn)
 L - the +6 scale mail of the Three Visions (worn) {rC- Str+2 Dex+5}
   (You found it on level 14 of the Dungeon)

   Str:       It affects your strength (+2).
   Dex:       It affects your dexterity (+5).
   rC:        It makes you vulnerable to cold.
 R - a +0 kite shield (worn)
 Y - the +0 cloak "Lyiss" (worn) {rC+ rN+ MP+9 Stlth+}
   (You found it on level 11 of the Dungeon)

   rC:        It protects you from cold.
   rN:        It protects you from negative energy.
   MP:        It affects your magic capacity (+9).
   Stlth:     It makes you more stealthy.
Jewellery
 a - a +6 ring of strength
 e - a ring of resist corrosion
 f - the ring "Enyigruq" {rF+ Str+6 Slay+2 Stlth+}
   (You found it on level 15 of the Dungeon)

   [ring of strength]

   Str:       It affects your strength (+6).
   Slay:      It affects your accuracy & damage with ranged weapons and melee
   (+2).
   rF:        It protects you from fire.
   Stlth:     It makes you more stealthy.
 A - the amulet of Suczoak (around neck) {Will+ Regen+}
   (You found it on level 4 of the Dungeon)

   [amulet of regeneration]

   Regen:     It increases your rate of health regeneration.
   Will:      It increases your willpower.
 H - a +5 ring of evasion (left hand)
 P - a ring of willpower
 U - a +5 ring of evasion (right hand)
 Z - a ring of positive energy
Wands
 h - a wand of polymorph (6)
 o - a wand of mindburst (2)
 q - a wand of acid (10)
 G - a wand of paralysis (22)
 M - a wand of flame (55)
 N - a wand of digging (15)
 T - a wand of iceblast (5)
Scrolls
 b - 3 scrolls of silence
 i - 5 scrolls of poison
 l - 10 scrolls of teleportation
 p - 7 scrolls of immolation
 t - 8 scrolls of magic mapping
 v - 5 scrolls of fog
 w - a scroll of summoning
 z - a scroll of brand weapon
 E - 11 scrolls of enchant armour
 F - 5 scrolls of fear
 J - 3 scrolls of enchant weapon
 V - a scroll of blinking
 W - a scroll of acquirement
Potions
 d - 2 potions of might
 j - 2 potions of ambrosia
 k - a potion of mutation
 m - 2 potions of cancellation
 n - 7 potions of curing {unknown}
 r - 6 potions of heal wounds
 x - 4 potions of lignification {unknown}
 C - 5 potions of attraction {unknown}
 D - a potion of berserk rage {unknown}
 K - 4 potions of magic {unknown}
 O - 3 potions of flight {unknown}
 Q - a potion of invisibility {unknown}
 X - 6 potions of haste {unknown}
Miscellaneous
 I - a lightning rod (4/4)
 S - a phial of floods


   Skills:
 * Level 12.1 Fighting
 - Level 14.0 Maces & Flails
 * Level 12.1 Armour
 + Level 11.6 Dodging
 * Level 12.0 Shields
 + Level 9.0 Evocations


You had 14 spell levels left.
You didn't know any spells.
Your spell library contained the following spells:

 Spells                   Type           Power      Damage    Failure   Level
 Apportation              Tloc           0%         N/A       69%         1
 Dazzling Flash           Conj/Hex       0%         N/A       96%         3
 Hailstorm                Conj/Ice       0%         3d3       96%         3
 Inner Flame              Hex/Fire       0%         N/A       96%         3
 Summon Guardian Golem    Hex/Summ       0%         N/A       96%         3
 Airstrike                Air            0%         2d(0-16)  100%        4
 Animate Dead             Necr           0%         N/A       100%        4
 Cause Fear               Hex            0%         N/A       100%        4
 Ice Form                 Ice/Tmut       0%         N/A       100%        4
 Iskenderun's Mystic Bla  Conj/Tloc      0%         2d3       100%        4
 Leda's Liquefaction      Hex/Erth       0%         N/A       100%        4
 Summon Lightning Spire   Summ/Air       0%         N/A       100%        4
 Alistair's Intoxication  Tmut/Pois      0%         N/A       100%        5
 Lee's Rapid Deconstruct  Erth           0%         3d4*      100%        5
 Plasma Beam              Fire/Air       0%         2x1d7     100%        5
 Simulacrum               Ice/Necr       0%         N/A       100%        6
 Starburst                Conj/Fire      0%         6d3       100%        6
 Statue Form              Tmut/Erth      0%         N/A       100%        6
 Haunt                    Necr/Summ      0%         N/A       100%        7
 Orb of Destruction       Conj           0%         9d5       100%        7
 Spellforged Servitor     Conj/Summ      0%         N/A       100%        7
 Discord                  Hex            0%         N/A       100%        8
 Infestation              Necr           0%         N/A       100%        8


Dungeon Overview and Level Annotations

Branches:
Dungeon (15/15)            Temple (0/1) D:7            Lair (5/5) D:10
  Swamp (1/4) Lair:2       Spider (0/4) Lair:2        Slime (0/5) Lair:4
    Orc (2/2) D:12            Elf (0/3) Orc:2        Vaults (0/5) D:13
 Depths (0/4) D:15          IceCv (1/1)

Shops:
D:1 :   D:7 (   D:9 [   Orc:2 (:*[!

Portals:
Trove: D:10 (give 5 scrolls of blinking)

Annotations:
D:5 1 runed translucent door


Innate Abilities, Weirdness & Mutations

You have an increased reservoir of magic. (+10% MP)
You shall have no god before yourself.
Your divine heritage dramatically boosts your attributes as you level up.
Your flesh is cold resistant. (rC+)
Your natural rate of healing is unusually fast.
Your spells are a little easier to cast, but a little less powerful.


Message History

The Ice Fiend calls on the powers of darkness!
Your body is wracked with pain!
The Ice Fiend calls on the powers of darkness!
Your body is wracked with pain!
* * * LOW HITPOINT WARNING * * *
You are engulfed in freezing vapours.
You resist.
* * * LOW HITPOINT WARNING * * *
An ettin simulacrum and a dire elephant simulacrum come into view.
You are engulfed in freezing vapours.
You resist.
* * * LOW HITPOINT WARNING * * *
You feel much better.
Okay, then.
Okay, then.
You feel very mighty all of a sudden.
Okay, then.
You sock the Ice Fiend! You burn the Ice Fiend.
The Ice Fiend is lightly wounded.
The Ice Fiend barely misses you. You block the Ice Fiend's attack.
You barely miss the Ice Fiend.
The Ice Fiend is lightly wounded.
The Ice Fiend misses you.
The Ice Fiend claws you but does no damage.
You hammer the Ice Fiend like a gong!!! You burn the Ice Fiend!
The Ice Fiend is heavily wounded.
The ettin simulacrum closely misses you.
You block the ettin simulacrum's attack.
You thump the Ice Fiend! You burn the Ice Fiend.
The Ice Fiend is severely wounded.
The Ice Fiend claws you. The Ice Fiend freezes you!! You resist.
* * * LOW HITPOINT WARNING * * *
The Ice Fiend claws you but does no damage.
The Ice Fiend calls on the powers of darkness!
Your body is wracked with pain!
* * * LOW HITPOINT WARNING * * *
The ettin simulacrum hits you.
* * * LOW HITPOINT WARNING * * *
The ettin simulacrum freezes you! You resist.
* * * LOW HITPOINT WARNING * * *
The ettin simulacrum hits you.
You die...

##.....## ##....# ####
##..## ##. .# ##...#
#☼...§## #...##
##°#.#.○# ##..# #......§
## ####..## ##.○##.§§
.## ##..#..#
#°Z11#.§##..# ##...#..#
#.@#§##○#..# # #.......#
##.##..#☼#..#.#
##..##...#
#..#...°1°....#.[
#...###..#
#...........1...:
#..##.#.##
#...#...####..#.)
#..#....## #...#.......
.#
#..##....###...#.......
##..#....##...§###..#...
#..##...##...○.§##.#..#


You could see 2 Ice Fiends and an ettin simulacrum.

Vanquished Creatures
  Gastronok (Lair:2)
  The ghost of
  112233 the Fighter, a journeyman DsWn of Gozag (Orc:2)
  Snorg (Orc:1)
  2 ettins
  A fire dragon (Lair:5)
  An ice dragon (Swamp:1)
  A rakshasa (D:11)
  6 hydras
  4 boulder beetles
  4 ogre magi
  18 two-headed ogres
  A catoblepas (D:15)
  3 alligators
  6 centaur warriors
  17 death yaks
  Urug (D:10)
  A tengu warrior (D:14)
  An orc high priest (Orc:2)
  2 skysharks
  Amaemon (D:9)
  A bog body (IceCv)
  An orange crystal statue (IceCv)
  Lodul (D:14)
  2 wizards
  An obsidian statue (IceCv)
  A necromancer (D:15)
  5 spriggan simulacra (IceCv)
  A lindwurm (Lair:5)
  3 orc knights
  A wolf spider zombie (D:15)
  6 manticores
  29 ugly things
  4 deep elf pyromancers
  4 orc sorcerers
  5 cyclopes
  The ghost of Ioite the Magician, a novice DjFE (D:5)
  4 black mambas
  12 elephants
  A centaur zombie (D:15)
  3 molten gargoyles (Lair:5)
  Joseph (D:9)
  An orange demon (D:9)
  3 torpor snails
  A gargoyle (D:13)
  5 rime drakes
  10 cane toads
  An efreet (D:15)
  A kobold demonologist (D:13)
  A tengu conjurer (D:11)
  6 freezing wraiths (IceCv)
  10 komodo dragons
  6 yaktaurs
  A redback zombie (D:15)
  3 ice devils (IceCv)
  An anaconda simulacrum (IceCv)
  A golden dragon simulacrum (IceCv)
  A meliai (shapeshifter) (D:13)
  2 trolls
  2 polar bears (Lair:5)
  A tarantella (shapeshifter) (D:13)
  A tyrant leech (Lair:2)
  A dream sheep (shapeshifter) (D:11)
  24 blink frogs
  Grinder (D:4)
  13 dream sheep
  6 jumping spiders (Lair:2)
  A spriggan (shapeshifter) (D:13)
  A culicivora (Lair:2)
  2 vampires
  8 basilisks
  28 yaks
  11 wyverns
  6 wraiths
  6 vampire mosquitoes
  2 minotaur simulacra (IceCv)
  Eustachio (D:5)
  A dire elephant simulacrum (IceCv)
  2 redbacks
  Menkaure (D:7)
  A harpy simulacrum (IceCv)
  2 steam dragons
  4 wargs
  2 swamp worms (Lair:2)
  An acid dragon (D:11)
  11 water moccasins
  4 hell hounds (Lair:5)
  Duvessa (D:7)
  An ice beast (D:7)
  A black bear (Lair:1)
  18 orc warriors
  2 sky beasts
  39 ogres
  16 centaurs
  2 phantoms (D:4)
  Blork the orc (D:6)
  A necrophage (D:10)
  2 deep troll simulacra (IceCv)
  4 gnoll sergeants
  14 bullfrogs
  3 scorpions
  13 wights
  A hornet simulacrum (D:15)
  Dowan (D:7)
  A lindwurm simulacrum (IceCv)
  18 killer bees
  4 electric eels
  5 howler monkeys
  5 lava snakes (Lair:5)
  6 jellies
  12 orc priests
  2 hounds
  Crazy Yiuf (D:7)
  Ijyb (D:2)
  10 orc wizards
  A hell rat (Lair:1)
  21 gnolls
  5 adders
  A river rat (D:5)
  A shadow imp (D:5)
  2 white imps
  2 worms
  5 dart slugs
  78 orcs
  9 bats
  5 endoplasms
  8 giant cockroaches
  8 goblins
  6 hobgoblins
  2 jackals (D:1)
  2 quokkas
  4 ball pythons
  A frilled lizard (D:1)
  9 kobolds
  6 rats
  A bush (D:9)
720 creatures vanquished.

Vanquished Creatures (others)
  A bush (Lair:5)
  48 fungi
  58 plants
107 creatures vanquished.

Grand Total: 827 creatures vanquished

Notes
Turn   | Place    | Note
-------+----------+-------------------------------------------
     0 | D:1      | 00011011 the Demigod Fighter began the quest for the Orb.
     0 | D:1      | Reached XP level 1. HP: 18/18 MP: 3/3
    36 | D:1      | Reached skill level 2 in Maces & Flails
    66 | D:1      | Reached XP level 2. HP: 20/25 MP: 4/4
   363 | D:1      | Reached skill level 3 in Maces & Flails
   691 | D:1      | Reached XP level 3. HP: 26/26 MP: 5/5
   703 | D:1      | Found Asaakaps's Book Shoppe.
  1350 | D:2      | Reached skill level 4 in Maces & Flails
  1350 | D:2      | Reached XP level 4. HP: 27/37 MP: 6/6
  1676 | D:2      | Identified the +6 flail of the Maze {flame, Fly Str+7
                  | Dex-4}
  1883 | D:3      | Noticed Ijyb
  1895 | D:2      | Killed Ijyb
  2115 | D:3      | Identified the +2 robe of Tyneassy {rPois rC- Str+5 SInv}
  2445 | D:3      | Reached skill level 5 in Maces & Flails
  2445 | D:3      | Reached XP level 5. HP: 42/42 MP: 7/7
  2817 | D:4      | Reached skill level 6 in Maces & Flails
  2817 | D:4      | Reached XP level 6. HP: 46/50 MP: 8/8
  3060 | D:4      | Identified the amulet of Suczoak {Will+ Regen+}
  3438 | D:5      | Entered Level 5 of the Dungeon
  3438 | D:5      | Noticed Grinder
  3454 | D:4      | Killed Grinder
  3455 | D:4      | Reached skill level 7 in Maces & Flails
  3455 | D:4      | Reached XP level 7. HP: 56/56 MP: 9/9
  3502 | D:5      | Noticed Eustachio
  3512 | D:5      | Reached skill level 8 in Maces & Flails
  3527 | D:5      | Killed Eustachio
  3583 | D:5      | Found a runed translucent door.
  3584 | D:5      | Noticed Ioite's ghost (novice DjFE)
  3613 | D:5      | Killed Ioite's ghost
  3614 | D:5      | Reached skill level 9 in Maces & Flails
  3614 | D:5      | Reached XP level 8. HP: 33/62 MP: 10/10
  3629 | D:5      | Found a runed translucent door.
  4155 | D:6      | Noticed Blork the orc
  4171 | D:5      | Reached skill level 10 in Maces & Flails
  4199 | D:6      | Killed Blork the orc
  4634 | D:7      | Noticed Duvessa
  4634 | D:7      | Noticed Dowan
  4647 | D:7      | Killed Duvessa
  4659 | D:7      | Killed Dowan
  4700 | D:7      | Noticed Menkaure
  4706 | D:7      | Killed Menkaure
  4707 | D:7      | Reached skill level 11 in Maces & Flails
  4735 | D:7      | Found Bewn's Weapon Shoppe.
  4935 | D:7      | Reached XP level 9. HP: 59/68 MP: 11/11
  4995 | D:7      | You are sucked into a shaft and drop 3 floors!
  4995 | D:10     | Entered Level 10 of the Dungeon
  5029 | D:10     | Noticed Urug
  5122 | D:9      | Reached skill level 12 in Maces & Flails
  5294 | D:7      | Found a staircase to the Ecumenical Temple.
  5296 | D:7      | Identified the +0 pair of boots of the Louse {+Blink rElec
                  | Str+6}
  5434 | D:7      | Found a runed translucent door.
  5435 | D:7      | Noticed Crazy Yiuf
  5640 | D:7      | Killed Crazy Yiuf
  5682 | D:8      | Noticed a two-headed ogre
  5750 | D:7      | Gained mutation: You are somewhat resistant to further
                  | mutation. [potion of mutation]
  5750 | D:7      | Gained mutation: You are clumsy. (Dex -2) [potion of
                  | mutation]
  5751 | D:7      | Lost mutation: You are somewhat resistant to further
                  | mutation. [potion of mutation]
  5751 | D:7      | Lost mutation: You are clumsy. (Dex -2) [potion of
                  | mutation]
  5751 | D:7      | Gained mutation: You are resistant to electric shocks.
                  | (rElec) [potion of mutation]
  5961 | D:8      | Reached skill level 13 in Maces & Flails
  6672 | D:9      | Noticed Amaemon
  6672 | D:9      | Noticed an orange demon
  6701 | D:9      | Killed Amaemon
  6702 | D:9      | Reached XP level 10. HP: 45/74 MP: 13/13
  6711 | D:9      | Reached skill level 14 in Maces & Flails
  6792 | D:9      | Found Duicza Usyl's Armour Emporium.
  6807 | D:9      | Noticed Joseph
  6821 | D:9      | Killed Joseph
  6822 | D:9      | Reached skill level 1 in Dodging
  7276 | D:10     | Killed Urug
  7351 | D:10     | Found a staircase to the Lair.
  7351 | D:10     | Noticed an elephant
  7351 | D:10     | Noticed a death yak
  7582 | D:8      | Killed a two-headed ogre
  7646 | D:10     | Noticed a manticore
  7652 | D:10     | Killed a manticore
  7709 | D:10     | Killed a death yak
  7767 | D:10     | Noticed a deep elf pyromancer
  7872 | D:10     | Killed a deep elf pyromancer
  8123 | D:10     | Found a portal to a secret trove of treasure.
  8254 | D:10     | Killed an elephant
  8255 | D:10     | Reached XP level 11. HP: 75/85 MP: 14/14
  8400 | D:11     | Reached skill level 5 in Shields
  8408 | D:11     | Reached skill level 5 in Fighting
  8408 | D:11     | Reached skill level 5 in Armour
  8441 | D:11     | Identified the +0 cloak "Lyiss" {rC+ rN+ MP+9 Stlth+}
  8581 | D:11     | Noticed a centaur warrior
  8598 | D:11     | Killed a centaur warrior
  8648 | D:11     | Noticed a boulder beetle
  8695 | D:11     | Killed a boulder beetle
  8943 | D:10     | Reached skill level 5 in Dodging
  9010 | D:11     | Noticed a boulder beetle
  9011 | D:11     | Noticed a two-headed ogre
  9067 | Lair:1   | Entered Level 1 of the Lair of Beasts
  9330 | Lair:1   | Reached skill level 1 in Evocations
  9342 | Lair:1   | Noticed an alligator
  9342 | Lair:1   | Noticed a fire crab
  9364 | Lair:1   | Killed an alligator
 10271 | Lair:1   | Noticed a death yak
 10272 | Lair:1   | Noticed an alligator
 10283 | Lair:1   | Reached XP level 12. HP: 81/97 MP: 15/15
 10923 | Lair:2   | Noticed Gastronok
 10933 | Lair:2   | Killed Gastronok
 11373 | Lair:2   | Found a hole to the Spider Nest.
 11543 | Lair:2   | Noticed a five-headed hydra
 11555 | Lair:2   | Killed a five-headed hydra
 11594 | Lair:2   | Noticed a seven-headed hydra
 11652 | Lair:2   | Killed a seven-headed hydra
 11705 | Lair:2   | Found a staircase to the Swamp.
 12352 | Lair:3   | Reached skill level 5 in Evocations
 12421 | Lair:3   | Reached XP level 13. HP: 107/107 MP: 16/16
 13540 | Lair:4   | Found a staircase to the Slime Pits.
 14264 | Lair:5   | Entered Level 5 of the Lair of Beasts
 15318 | Lair:5   | Reached XP level 14. HP: 99/118 MP: 17/17
 15467 | Lair:5   | Found a large runed translucent door.
 15467 | Lair:5   | Found a large runed translucent door.
 16428 | D:1      | Bought a manual of Dodging for 1040 gold pieces
 16868 | D:11     | Reached skill level 10 in Fighting
 16907 | D:11     | Identified the +0 morningstar "Addawocw" {vamp, rF+ Str+4
                  | Int+3}
 16919 | D:11     | Reached skill level 10 in Shields
 16946 | D:11     | Identified the +4 morningstar "Guxzuq" {flame, rElec rCorr
                  | Dex-4 SInv}
 16998 | D:11     | Reached skill level 10 in Armour
 17356 | D:12     | Found a staircase to the Orcish Mines.
 18173 | Orc:1    | Entered Level 1 of the Orcish Mines
 18326 | Orc:2    | Entered Level 2 of the Orcish Mines
 18355 | Orc:2    | Noticed Snorg
 18691 | Orc:1    | Killed Snorg
 18882 | Orc:2    | Reached skill level 10 in Dodging
 19316 | Orc:2    | Reached XP level 15. HP: 128/128 MP: 18/18
 19326 | Orc:2    | Found Cieddei's Assorted Antiques.
 19327 | Orc:2    | Found Mykko's Weapon Shop.
 19350 | Orc:2    | Found Gaerurph's Distillery.
 19361 | Orc:2    | Lost mutation: You are resistant to electric shocks.
                  | (rElec) [potion of mutation]
 19361 | Orc:2    | Gained mutation: Your flesh is cold resistant. (rC+)
                  | [potion of mutation]
 19362 | Orc:2    | Lost mutation: Your flesh is cold resistant. (rC+) [potion
                  | of mutation]
 19362 | Orc:2    | Gained mutation: You are dopey. (Int -2) [potion of
                  | mutation]
 19363 | Orc:2    | Lost mutation: You are dopey. (Int -2) [potion of mutation]
 19363 | Orc:2    | Gained mutation: Your spells are a little easier to cast,
                  | but a little less powerful. [potion of mutation]
 19363 | Orc:2    | Gained mutation: Your natural rate of healing is unusually
                  | fast. [potion of mutation]
 19363 | Orc:2    | Gained mutation: Your flesh is cold resistant. (rC+)
                  | [potion of mutation]
 19470 | Orc:2    | Found a staircase to the Elven Halls.
 19493 | Orc:2    | Found Guulo's Antique Armour Boutique.
 19494 | Orc:2    | Found Wynuog's Book Shoppe.
 19504 | Orc:2    | Bought a pair of embroidered gloves for 172 gold pieces
 19551 | Orc:2    | Found a runed translucent door.
 19553 | Orc:2    | Noticed 112233's ghost (journeyman DsWn)
 19844 | Orc:2    | Killed 112233's ghost
 20150 | D:13     | Identified a scroll of acquirement
 20434 | D:13     | Found a gate to the Vaults.
 21183 | D:14     | Noticed Lodul
 21198 | D:14     | Killed Lodul
 21304 | D:14     | Identified the +6 scale mail of the Three Visions {rC-
                  | Str+2 Dex+5}
 21840 | D:15     | Entered Level 15 of the Dungeon
 22720 | D:15     | Identified the ring "Enyigruq" {rF+ Str+6 Slay+2 Stlth+}
 22724 | D:15     | Found a staircase to the Depths.
 23352 | Swamp:1  | Entered Level 1 of the Swamp
 23388 | Swamp:1  | Found a frozen archway.
 23400 | IceCv    | Entered an ice cave
 23697 | IceCv    | Identified the +1 pair of gloves of Instinct {rPois rF++
                  | rN+}
 23862 | IceCv    | Noticed an Ice Fiend
 23862 | IceCv    | Noticed an Ice Fiend
 23877 | IceCv    | HP: 4/132 [ettin simulacrum (9)]
 23877 | IceCv    | Slain by an ettin simulacrum

Illustrated notes

Levels and vault maps discovered:
D:1:      wander_arrival_chamber, layout_loops_cross, serial_shops,
          nicolae_shop_trees, minivault_26
D:2:      layout_loops_corners, minmay_misc_feat_chi
D:3:      layout_basic, mainiacjoe_overflow_chevrons, lemuel_doored_altar,
          nicolae_overflow_quartered_altars,
          hellmonk_ecumenical_altar_heavens_door, uniq_ijyb
D:4:      layout_loops_ring, eat_drink_and_be_merry_uskayaw
D:5:      layout_basic, grunt_gozag_breadcrumbs, ebering_ghost_sewer_f,
          uniq_grinder, uniq_eustachio
D:6:      layout_rooms, uniq_blork_the_orc
D:7:      layout_loops_ring, minmay_temple_entry_nine_rooms, serial_shops,
          nicolae_shop_bloodbath_and_beyond, minmay_misc_feat_room,
          uniq_duvessa, uniq_menkaure, uniq_crazy_yiuf_cottage
D:8:      layout_loops_ring, gammafunk_temple_overflow_claw
D:9:      layout_gridville, serial_shops, shop, chequers_serial_rivers_marsh,
          hangedman_decor_lopped, kb_lookout_dungeons_type, uniq_joseph,
          uniq_amaemon
D:10:     layout_irregular_city, nicolae_qazlal_eye_of_the_storm,
          lemuel_tele_altar, david_lair_generic, nicolae_trove_entry_crystal,
          hangedman_stone_soup, uniq_urug
D:11:     minmay_cut_squares, layout_gridville, minmay_shattered_shrine
D:12:     layout_basic, hiddenorc2_lemuel, minmay_misc_feat_x
D:13:     layout_long_grid, david_vaults_2
D:14:     layout_gridville, elyvilon_altar_4, uniq_lodul
D:15:     grunt_enter_depths_magical_seal, layout_basic,
          chequers_serial_rivers_micro_e, zin_angel
Lair:1:   layout_hall_layers, st_stairs_7, small_statue_intersection,
          nicolae_lair_lakeside_cave
Lair:2:   layout_long_grid, palyth_hydra_swamp_entry,
          nicolae_spider_entry_tight_spaces, uniq_gastronok
Lair:3:   layout_misc_corridors, serial_bayou_shore_a
Lair:4:   layout_layer_cave, nicolae_slime_entry_field_trip,
          nicolae_quartered_pool_medium
Lair:5:   cheibrodos_lair_end_hotspot, layout_loops_ring, lemuel_fruit_tree,
          infiniplex_staircase_pool
Swamp:1:  layout_basic_swamp, portal_ice_cave_entry_dragon,
          hangedman_swamp_ruin_wall, swamp_pool4, infiniplex_staircase_pool_2
Orc:1:    layout_diamond_mine, nicolae_orc_flooded_monolith
Orc:2:    st_orc_ogre_mass, layout_caves, basic_altar,
          ebering_ghost_inner_flame, serial_shops, nicolae_shop_statue_plus,
          uniq_snorg
IceCv:    ice_cave_small_demon

Skill      XL: |  1  2  3  4  5  6  7  8  9 10 11 12 13 14 15 |
---------------+----------------------------------------------+-----
Maces & Flails | 2 3 4 5 6 7 9 11 13 14 | 14.0
Fighting       | 4 6 8 9 10 12 | 12.1
Armour         | 4 6 8 9 10 12 | 12.1
Dodging        | 3 5 7 8 10 11 | 11.6
Shields        | 4 6 8 9 10 12 | 12.0
Evocations     | 2 5 7 8 9 |  9.0

Action                     |  1- 3 |  4- 6 |  7- 9 | 10-12 | 13-15 || total
---------------------------+-------+-------+-------+-------+-------++-------
  Melee: Flail             |   138 |    88 |   301 |   622 |  1483 ||  2632
         Mace              |     9 |       |       |       |       ||     9
Ability: Evoke Blink       |       |       |     1 |     1 |     1 ||     3
  Evoke: Wand              |       |       |     2 |     2 |       ||     4
    Use: Scroll            |       |       |    10 |     2 |    12 ||    24
         Potion            |       |       |     2 |     1 |     5 ||     8
   Stab: Sleeping          |       |       |       |       |     4 ||     4
 Armour: Scale mail        |    56 |       |       |       |    75 ||   131
         Chain mail        |    49 |    18 |   162 |   269 |   256 ||   754
         Robe              |       |    18 |       |       |       ||    18
         Storm dragon scal |       |       |       |       |    37 ||    37
  Dodge: Dodged            |    72 |    28 |   239 |   376 |   946 ||  1661
  Block: Buckler           |    49 |    15 |    39 |       |       ||   103
         Kite shield       |       |       |    72 |   300 |   682 ||  1054

Table legend: (Time is in decaauts)
 A = Elapsed time spent in this place.
 B = Non-inter-level travel time spent in this place.
 C = Inter-level travel time spent in this place.
 D = Time resting spent in this place.
 E = Time spent auto-exploring this place.
 F = Levels seen in this place.
 G = Mean time per level.
                   A        B        C        D        E       F      G
               +--------+--------+--------+--------+--------+-----+--------+
         Total |  23652 |  21990 |   1662 |   1358 |  14460 |  24 |  985.5 |
       Dungeon |  14179 |  13148 |   1031 |    267 |   9547 |  15 |  945.3 |
          Lair |   7063 |   6516 |    547 |    741 |   3813 |   5 | 1412.6 |
         Swamp |     45 |     45 |      0 |      0 |      0 |   1 |   45.0 |
  Orcish Mines |   1908 |   1826 |     82 |    262 |    947 |   2 |  954.0 |
      Ice Cave |    456 |    456 |      0 |     88 |    153 |   1 |  456.0 |
               +--------+--------+--------+--------+--------+-----+--------+

Top non-repeatable levels by time:
  Lair:5: 1816 daAuts
  Lair:1: 1791 daAuts
    D:15: 1302 daAuts
  Lair:4: 1287 daAuts
    D:10: 1262 daAuts
  Lair:2: 1239 daAuts
     D:7: 1128 daAuts
     D:2: 1103 daAuts
    D:12: 1091 daAuts
   Orc:1: 1063 daAuts
    D:11: 1038 daAuts
    D:14: 980 daAuts
     D:9: 950 daAuts
  Lair:3: 928 daAuts
     D:1: 916 daAuts
